AoeStats
← Gjallarhorn

Hideout

509075440Analyzed
1v1 RM · 5d ago on Sep 25, 2026· 43m 55s· 2 players
Game mode
Random Map
Map size
Tiny (2 player)
Population
200
Speed
Normal
Resources
Standard
Victory
Conquest
Starting age
Dark Age
Ending age
Imperial Age
RankedLock teamsTeams togetherTeam positionsShared explorationLock speedFull tech treeHidden civsTurbo modeCheats
Victory
Defeat
🇲🇲 Ethiopians · Myanmar (Burma)
756
+14
🇩🇪 Ethiopians · Germany
707
-14
Gjallarhorn
6:16 Loom
9:11 Feudal Age
9:49 Double-Bit Axe
11:07 Horse Collar
12:28 Wheelbarrow
14:19 Fletching
20:50 Castle Age
21:21 Crossbowman
22:19 Town Watch
23:48 Bow Saw
26:59 Town Patrol
27:19 Hand Cart
28:02 Bodkin Arrow
29:18 Thumb Ring
29:18 Padded Archer Armor
29:45 Town Patrol
31:12 Gold Mining
35:02 Imperial Age
34:19 Stone Mining
36:30 Conscription
35:57 Arbalester
37:35 Bracer
39:22 Gold Shaft Mining
40:09 Ballistics
39:58 Siege Engineers
41:50 Leather Archer Armor
42:43 Chemistry
42:27 Stone Shaft Mining
44:21 Two-Man Saw
43:34 Torsion Engines
Wai-Yan-Tun
7:27 Loom
11:20 Feudal Age
12:15 Double-Bit Axe
18:50 Castle Age
18:23 Padded Archer Armor
24:18 Fletching
24:44 Leather Archer Armor
25:25 Elite Skirmisher
29:15 Crossbowman
32:00 Thumb Ring
33:08 Wheelbarrow
32:19 Town Watch
32:34 Murder Holes
37:09 Imperial Age
35:17 Bodkin Arrow
36:17 Ballistics
36:24 Hand Cart
37:41 Arbalester
38:23 Bracer
39:40 Ring Archer Armor
40:22 Chemistry
42:18 Conscription
43:34 Torsion Engines
Connection lost

Rejoining the realm…

Still unreachable

The connection could not be restored.

Session expired

The server has moved on; the page needs a fresh start.